AoeStats
← 濕主請三濕

Arena

509845089Analyzed
4v4 RM · 6d ago on Sep 28, 2026· 62m 6s· 8 players
Game mode
Random Map
Map size
Large (8 player)
Population
200
Speed
Normal
Resources
Standard
Victory
Conquest
Starting age
Dark Age
Ending age
Imperial Age
RankedLock teamsTeams togetherTeam positionsShared explorationLock speedFull tech treeHidden civsTurbo modeCheats
Victory
Defeat
🇫🇷 Poles · France
976
+12
🇪🇸 Franks · Spain
929
+14
🇹🇼 Japanese · Taiwan
928
+14
🇷🇺 Berbers · Russia
908
+15
🇦🇺 Goths · Australia
910
-15
🇹🇷 Spanish · Türkiye
898
-14
🇹🇼 Cumans · Taiwan
892
-14
🇨🇳 Japanese · China
837
-12
juanam86
10:56 Feudal Age
15:25 Castle Age
14:27 Double-Bit Axe
14:37 Stone Mining
15:22 Loom
16:19 Forging
16:09 Scale Mail Armor
20:38 Fletching
28:52 Imperial Age
28:05 Wheelbarrow
29:07 Bodkin Arrow
29:48 Iron Casting
30:26 Cavalier
31:06 Husbandry
38:34 Conscription
38:49 Hand Cart
39:39 Blast Furnace
38:40 Scale Mail Armor
38:45 Scale Barding Armor
39:13 Elite Throwing Axeman
43:14 Chivalry
44:41 Paladin
58:37 Bow Saw
58:52 Chain Barding Armor
57:56 Pikeman
58:37 Squires
58:22 Gambesons
57:58 Man-at-Arms
58:23 Arson
58:36 Gold Mining
62:21 Town Watch
62:38 Caravan
63:09 Coinage
62:41 Padded Archer Armor
62:56 Chain Mail Armor
63:17 Plate Barding Armor
jason916802
13:16 Feudal Age
18:09 Castle Age
16:19 Double-Bit Axe
16:32 Horse Collar
17:25 Stone Mining
17:45 Gold Mining
18:15 Loom
35:41 Squires
36:44 Scale Mail Armor
37:08 Forging
38:56 Chain Mail Armor
40:06 Wheelbarrow
39:52 Heavy Plow
42:42 Gold Shaft Mining
43:41 Iron Casting
42:57 Pikeman
43:23 Gambesons
43:24 Arson
44:21 Bow Saw
48:33 Imperial Age
51:22 Halberdier
52:28 Conscription
53:10 Elite Samurai
54:59 Blast Furnace
54:30 Plate Mail Armor
58:46 Fletching
58:57 Padded Archer Armor
unknxwwwn
11:33 Feudal Age
14:54 Double-Bit Axe
20:33 Castle Age
19:17 Horse Collar
19:52 Stone Mining
19:52 Gold Mining
24:31 Heavy Plow
24:53 Bow Saw
26:23 Murder Holes
27:03 Kasbah
29:20 Wheelbarrow
33:50 Imperial Age
31:26 Padded Archer Armor
31:16 Fletching
31:47 Caravan
32:01 Husbandry
32:14 Bloodlines
32:11 Treadmill Crane
32:45 Scale Barding Armor
32:50 Forging
34:51 Stone Shaft Mining
34:51 Gold Shaft Mining
34:31 Thumb Ring
35:16 Hand Cart
35:40 Loom
35:40 Town Watch
36:28 Crop Rotation
36:26 Ballistics
37:07 Chemistry
36:34 Conscription
35:38 Elite Camel Archer
36:31 Cavalier
38:17 Elite Genitour
39:25 Leather Archer Armor
39:05 Bodkin Arrow
42:38 Bracer
43:08 Ring Archer Armor
42:59 Chain Barding Armor
43:14 Iron Casting
43:16 Maghrebi Camels
44:47 Town Patrol
44:44 Light Cavalry
45:26 Hussar
48:04 Hoardings
50:31 Plate Barding Armor
50:57 Blast Furnace
Zig
10:52 Feudal Age
16:34 Castle Age
14:30 Double-Bit Axe
16:54 Castle Age
17:57 Horse Collar
19:41 Wheelbarrow
18:51 Loom
25:59 Hand Cart
28:38 Szlachta Privileges
28:37 Heavy Plow
32:08 Imperial Age
30:10 Husbandry
30:21 Bloodlines
30:19 Scale Barding Armor
30:24 Forging
30:54 Bow Saw
31:35 Chain Barding Armor
31:33 Gold Mining
33:23 Iron Casting
32:45 Cavalier
35:13 Scale Mail Armor
35:51 Siege Engineers
35:29 Treadmill Crane
38:39 Fortified Wall
38:52 Lechitic Legacy
37:55 Light Cavalry
38:08 Capped Ram
40:40 Crop Rotation
39:58 Town Watch
41:54 Squires
41:49 Pikeman
44:11 Blast Furnace
45:49 Ballistics
46:30 Chemistry
45:21 Guard Tower
45:16 Arrowslits
45:27 Murder Holes
45:38 Siege Engineers
45:43 Masonry
47:48 Town Patrol
48:49 Redemption
48:39 Devotion
49:15 Theocracy
48:35 Herbal Medicine
48:56 Block Printing
48:51 Fervor
49:02 Sanctity
49:19 Keep
48:55 Clinker Construction
48:56 Careening
48:42 Winged Hussar
54:31 Faith
53:53 Sappers
63:01 Conscription
濕主請三濕
10:08 Loom
15:18 Feudal Age
16:46 Wheelbarrow
15:57 Double-Bit Axe
15:53 Horse Collar
17:02 Gold Mining
19:39 Castle Age
21:03 Bow Saw
22:57 Squires
22:42 Arson
24:48 Hand Cart
28:21 Heavy Plow
32:58 Imperial Age
30:56 Forging
30:35 Pikeman
32:28 Scale Mail Armor
33:04 Iron Casting
32:17 Town Watch
33:43 Gold Shaft Mining
32:58 Stone Mining
34:10 Conscription
33:16 Halberdier
36:48 Treadmill Crane
37:14 Siege Engineers
37:31 Ballistics
38:12 Chemistry
37:22 Masonry
37:12 Loom
37:27 Town Patrol
37:54 Chain Mail Armor
40:23 Blast Furnace
39:53 Plate Mail Armor
42:35 Fletching
45:41 Two-Man Saw
44:57 Bodkin Arrow
46:25 Bracer
46:57 Fortified Wall
48:08 Murder Holes
48:06 Guard Tower
YAMAHA
0:45 Loom
10:58 Feudal Age
17:48 Castle Age
15:49 Double-Bit Axe
16:07 Horse Collar
22:25 Wheelbarrow
29:05 Imperial Age
26:48 Gold Mining
28:29 Heavy Plow
28:54 Hand Cart
29:05 Bow Saw
30:03 Caravan
32:15 Scale Barding Armor
33:01 Fortified Wall
33:06 Bloodlines
32:57 Husbandry
32:18 Cavalier
33:33 Chain Barding Armor
33:23 Forging
34:33 Two-Man Saw
34:29 Masonry
35:37 Plate Barding Armor
36:13 Paladin
37:37 Scale Mail Armor
38:15 Iron Casting
40:43 Blast Furnace
40:54 Chemistry
40:27 Architecture
44:07 Light Cavalry
47:13 Hussar
51:19 Bombard Tower
51:20 Ballistics
50:55 Murder Holes
SUZUKI
1:43 Loom
11:29 Feudal Age
12:15 Double-Bit Axe
13:57 Gold Mining
23:30 Castle Age
24:02 Wheelbarrow
23:15 Town Watch
26:44 Hand Cart
27:45 Gold Shaft Mining
27:43 Caravan
28:49 Bow Saw
28:34 Horse Collar
29:40 Stone Mining
31:21 Heavy Plow
37:39 Imperial Age
36:20 Scale Barding Armor
36:15 Scale Mail Armor
36:26 Forging
36:07 Fletching
36:17 Padded Archer Armor
38:51 Squires
39:20 Squires
38:41 Pikeman
39:06 Arson
39:38 Steppe Husbandry
40:42 Chain Barding Armor
40:38 Chain Mail Armor
40:58 Iron Casting
40:19 Bodkin Arrow
40:39 Leather Archer Armor
40:30 Halberdier
42:02 Plate Barding Armor
41:54 Conscription
42:11 Hoardings
41:07 Sappers
41:39 Cuman Mercenaries
41:05 Elite Steppe Lancer
41:56 Bloodlines
42:54 Plate Mail Armor
43:43 Murder Holes
47:05 Blast Furnace
46:36 Ring Archer Armor
58:37 Elite Kipchak
chase_tips0n
11:24 Feudal Age
17:12 Castle Age
15:59 Double-Bit Axe
16:47 Man-at-Arms
33:33 Imperial Age
36:03 Wheelbarrow
38:47 Bow Saw
38:51 Squires
38:11 Pikeman
39:10 Long Swordsman
Connection lost

Rejoining the realm…

Still unreachable

The connection could not be restored.

Session expired

The server has moved on; the page needs a fresh start.